 Dungeon Crawl Stone Soup version 0.31-a0-246-g8cbcc1cb85 (webtiles) character file.

Game seed: 11592736672851809924

77 qw the Shooter (level 4, -8/36 HPs)
             Began as a Minotaur Hexslinger on July 12, 2023.
             Mangled by a gnoll
             ... wielding a +0 halberd
              (11 damage)
             ... on level 3 of the Dungeon.
             The game lasted 00:00:32 (1421 turns).

qw the Shooter (Minotaur Hexslinger)                Turns: 1421, Time: 00:00:32

Health: -8/36      AC:  5    Str: 12    XL:     4   Next: 13%
Magic:  4/4        EV: 11    Int: 10    God:
Gold:   33         SH:  0    Dex: 15    Spells: 4/5 levels left

rFire   . . .        Y - +1 sling
rCold   . . .        (no shield)
rNeg    . . .        d - +0 ring mail
rPois   .            (helmet restricted)
rElec   .            (no cloak)
rCorr   .            (no gloves)
SInv    .            (no boots)
Will    .....        b - amulet of regeneration
Stlth   +            (no ring)
HPRegen 1.06/turn    (no ring)
MPRegen 0.09/turn

%: no passive effects
@: no status effects
A: horns 2, retaliatory headbutt
a: no special abilities


You were on level 3 of the Dungeon.
You visited 1 branch of the dungeon, and saw 3 of its levels.

You collected 33 gold pieces.


Innate Abilities, Weirdness & Mutations

You have a pair of horns on your head.
You reflexively headbutt those who attack you in melee.


   Skills:
 - Level 2.0 Fighting
 + Level 4.1 Ranged Weapons
 - Level 2.0 Armour
 - Level 2.1 Dodging
 - Level 1.0 Spellcasting
 - Level 2.0 Hexes


You had 4 spell levels left.
You knew the following spells:

 Your Spells              Type           Power      Damage    Failure   Level
a - Slow                  Hex            16%        N/A       32%         1

Your spell library contained the following spells:

 Spells                   Type           Power      Damage    Failure   Level
 Inner Flame              Hex/Fire       2%         N/A       83%         3
 Portal Projectile        Hex/Tloc       4%         N/A       83%         3
 Cause Fear               Hex            2%         N/A       97%         4

Inventory:

Hand Weapons
 Y - a +1 sling (weapon)
Armour
 d - a +0 ring mail (worn)
Jewellery
 b - an amulet of regeneration (around neck)
Scrolls
 a - a scroll of identify
 g - a scroll of noise {unknown}
Potions
 c - a potion of cancellation {unknown}
 e - a potion of brilliance {unknown}
 f - a potion of heal wounds {unknown}

Dungeon Overview and Level Annotations

Branches:
Dungeon (3/15)

Altars:


Message History

A gnoll comes into view. It is wielding a +0 flail.
You shoot a sling bullet. The sling bullet hits the gnoll.
The gnoll is lightly wounded.
The gnoll throws a throwing net.
The throwing net hits you.
You become entangled in the net!
You tear a large gash into the net.
You struggle against the net.
A gnoll comes into view. It is wielding a +3 halberd.
You rip the net and break free!
You shoot a sling bullet. The sling bullet hits the gnoll.
The gnoll is lightly wounded.
You shoot a sling bullet. The sling bullet hits the gnoll.
The gnoll is moderately wounded.
You shoot a sling bullet.
The sling bullet hits the gnoll but does no damage.
The gnoll is moderately wounded.
You shoot a sling bullet. The sling bullet hits the gnoll.
The gnoll is heavily wounded.
The gnoll closely misses you.
You shoot a sling bullet.
The sling bullet hits the gnoll but does no damage.
The gnoll is heavily wounded.
The gnoll hits you from afar with a +0 halberd!
The gnoll hits you but does no damage. The gnoll barely misses you.
The gnoll hits you with a +0 flail.
You shoot a sling bullet. The sling bullet hits the gnoll.
The gnoll is severely wounded.
The gnoll hits you with a +0 flail!
The gnoll hits you from afar with a +0 halberd!
You shoot a sling bullet. The sling bullet hits the gnoll.
The gnoll is severely wounded.
The gnoll misses you.
The gnoll hits you from afar with a +0 halberd!
You shoot a sling bullet.
The sling bullet closely misses the gnoll.
The sling bullet hits the gnoll but does no damage.
The gnoll is lightly wounded.
The gnoll barely misses you. x2
The gnoll hits you from afar with a +0 halberd!
You die...

##### #.#
#.# #.# #.#
#.# #.# #.#
##########.#
....ggg@...#
############


You could see 3 gnolls.

Vanquished Creatures
  Jessica (D:3)
  An adder (D:3)
  An orc (D:3)
  2 endoplasms
  11 goblins
  2 hobgoblins
  3 jackals (D:1)
  2 quokkas
  2 ball pythons
  3 bats
  4 frilled lizards
  4 kobolds
  A rat (D:2)
37 creatures vanquished.

Notes
Turn   | Place    | Note
-------+----------+-------------------------------------------
     0 | D:1      | qw the Minotaur Hexslinger began the quest for the Orb.
     0 | D:1      | Reached XP level 1. HP: 16/16 MP: 1/1
     0 | D:1      | 0 ||| qw: Version: 0.3-a-52-g30416fa
     0 | D:1      | 0 ||| qw: Game counter: 6533
     0 | D:1      | 0 ||| qw: Melee chars always use a shield: true
     0 | D:1      | 0 ||| qw: God list: Okawaru
     0 | D:1      | 0 ||| qw: Allow faded altars: false
     0 | D:1      | 0 ||| qw: Do Orc after clearing Dungeon:15 true
     0 | D:1      | 0 ||| qw: Do second Lair branch before Depths: true
     0 | D:1      | 0 ||| qw: Lair rune preference: random
     0 | D:1      | 0 ||| qw: Goals: Normal
     0 | D:1      | 0 ||| PLANNING D:1-11
    86 | D:1      | You fall into a shaft and drop 1 floor!
   236 | D:2      | Reached skill level 3 in Ranged Weapons
   262 | D:2      | Reached XP level 2. HP: 23/23 MP: 2/2
   279 | D:2      | 279 ||| UPGRADING to +0 ring mail.
   289 | D:2      | 289 ||| DROPPING +0 robe.
   290 | D:2      | 290 ||| READING 2 scrolls labelled PIVUATWEYSA.
   291 | D:2      | 291 ||| READING scroll labelled UMPUOZA OCZOT.
   292 | D:2      | 292 ||| DROPPING scroll of poison.
   752 | D:1      | 752 ||| UPGRADING to amulet of regeneration.
   757 | D:1      | 757 ||| READING 2 scrolls labelled KYATOO JALAM.
   767 | D:1      | 767 ||| DROPPING scroll of torment.
   925 | D:2      | Reached XP level 3. HP: 29/29 MP: 3/3
  1347 | D:3      | Noticed Jessica
  1350 | D:3      | Reached skill level 4 in Ranged Weapons
  1356 | D:3      | Killed Jessica
  1357 | D:3      | Reached XP level 4. HP: 34/36 MP: 4/4
  1420 | D:3      | HP: 2/36 [gnoll/+0 halberd (9)]
  1421 | D:3      | Mangled by a gnoll

Levels and vault maps discovered:
D:1:      erik_arrival_cave_to_civilisation [erik_arrival_cave_to_hall],
          layout_rooms
D:2:      layout_loops_ring, serial_glass, glass_columns_a, glass_columns_b,
          minmay_strange_pillars, feat_on_display, minmay_goblin_outpost
D:3:      layout_basic, shapermc_ecumenical_altar_totnotflames,
          nicolae_goblin_pals, uniq_jessica

Skill      XL: |  1  2  3 |
---------------+----------+-----
Ranged Weapons | 3 4 |  4.1
Fighting       | 2 |  2.0
Armour         | 2 |  2.0
Dodging        | |  2.1
Spellcasting   | |  1.0
Hexes          | |  2.0

Action                     |  1- 3 |  4- 6 || total
---------------------------+-------+-------++-------
   Fire: Sling             |   112 |     9 ||   121
    Use: Scroll            |     3 |       ||     3
 Armour: Ring mail         |    30 |     1 ||    31
  Dodge: Dodged            |    37 |     5 ||    42

Table legend:
 A = Non-vault XP
 B = Vault XP
 C = Vault XP percentage of total XP
 D = Non-vault monster count
 E = Vault monster count
 F = Vault count percentage of total count
                 A         B        C        D         E       F
            +---------+---------+-------+---------+---------+-------
      Total |      53 |      57 |  51.8 |      26 |      11 |  29.7
            +---------+---------+-------+---------+---------+-------
        D:1 |      16 |       4 |  20.0 |      11 |       2 |  15.4
        D:2 |      18 |      16 |  47.1 |      11 |       8 |  42.1
        D:3 |      19 |      37 |  66.1 |       4 |       1 |  20.0
            +---------+---------+-------+---------+---------+-------
